 Dungeon Crawl Stone Soup version 0.31-a0-303-gdc8c9485ea (webtiles) character file.

Game seed: 4601511232591083625

122684 2FriedEggs the Eclecticist (level 16, 131/131 HPs)
             Began as a Mummy Necromancer on July 1, 2023.
             Was the Champion of Cheibriados.
             Quit the game on level 15 of the Dungeon on July 16, 2023.
             The game lasted 02:39:20 (30064 turns).

2FriedEggs the Eclecticist (Mummy Necromancer)     Turns: 30064, Time: 02:39:21

Health: 131/131    AC: 20    Str: 32    XL:     16   Next: 35%
Magic:  35/35      EV: 16    Int: 45    God:    Cheibriados [******]
Gold:   410        SH:  0    Dex: 29    Spells: 7/46 levels left

rFire   . . .        J - staff "Imoifum" {rC+ Str-2 Int+7 Ice}
rCold   + + +        M - orb of Experimentation {*channel, Rampage rN+}
rNeg    + + +        F - +3 leather armour {rC+}
rPois   ∞            A - +2 helmet {Int+3}
rElec   .            m - +0 cloak
rCorr   .            c - +2 pair of gloves {Str+3}
SInv    .            Y - +2 pair of boots {Fly}
Will    ++...        B - amulet of magic regeneration
Stlth   ++           e - +4 ring of protection
HPRegen 0.41/turn    g - ring of Milisyfi {rF+ rN+ Str+4 Slay-2}
MPRegen 0.64/turn

%: rampage, faith, channel magic (20%)
@: death channelling (expiring), flying, very slow
A: cold resistance 1, negative energy resistance 3, torment resistance 2, heat
vulnerability 1, in touch with death 2, no potions, faith
a: Renounce Religion, Bend Time, Temporal Distortion, Slouch, Step From Time


You were on level 15 of the Dungeon.
You worshipped Cheibriados.
Cheibriados was exalted by your worship.
You visited 4 branches of the dungeon, and saw 23 of its levels.
You also visited: Bailey, Gauntlet and Ice Cave.

You collected 3410 gold pieces.
You spent 3000 gold pieces at shops.

Inventory:

Hand Weapons
 n - a +2 falchion of draining
 o - the +3 Elemental Staff {rElec rF+ rC+ AC+3}
   (You acquired it on level 3 of the Lair of Beasts)

   It enhances your fire, ice, earth and air magic.
   AC:        It affects your AC (+3).
   rF:        It protects you from fire.
   rC:        It protects you from cold.
   rElec:     It insulates you from electricity.
 D - the +6 shillelagh "Devastator" {shatter}
   (You found it on level 9 of the Dungeon)
Missiles
 b - 6 throwing nets
 L - 12 javelins
Armour
 c - a +2 pair of gloves of strength (worn)
 m - a +0 cloak (worn)
 p - an orb of light
 A - a +2 helmet of intelligence (worn)
 F - a +3 leather armour of cold resistance (worn)
 M - the orb of Experimentation (worn) {*channel, Rampage rN+}
   (You found it on level 11 of the Dungeon)

   rN:        It protects you from negative energy.
   Rampage:   It bestows one free step when moving towards enemies.
   Cheibriados disapproves of the use of such an item.
 Y - a +2 pair of boots of flying (worn)
Magical Staves
 J - the staff "Imoifum" (weapon) {rC+ Str-2 Int+7 Ice}
   (You found it in a bailey)

   [staff of cold]

   Base accuracy: +5 Base damage: 5 Base attack delay: 1.2 This weapon's minimum
   attack delay (0.6) is reached at skill level 12.
   Str:       It affects your strength (-2).
   Int:       It affects your intelligence (+7).
   rC:        It protects you from cold.
   Ice:       It increases the power of your Ice spells.
   It falls into the 'Staves' category.
   It is a one-handed weapon.
 P - a staff of death
Jewellery
 d - a ring of see invisible
 e - a +4 ring of protection (left hand)
 g - the ring of Milisyfi (right hand) {rF+ rN+ Str+4 Slay-2}
   (You bought it in a shop on level 2 of the Orcish Mines)

   [ring of protection from fire]

   Str:       It affects your strength (+4).
   Slay:      It affects your accuracy & damage with ranged weapons and melee
   (-2).
   rF:        It protects you from fire.
   rN:        It protects you from negative energy.
 k - a ring of willpower
 l - a ring of magical power
 r - a ring of flight
 x - a +6 ring of intelligence
 B - an amulet of magic regeneration (around neck)
 H - the ring of Elyvilon's Favour {Fire Dex+3 Slay+3}
   (You found it in a bailey)

   [ring of fire]

   It enhances your fire magic.
   Dex:       It affects your dexterity (+3).
   Slay:      It affects your accuracy & damage with ranged weapons and melee
   (+3).
   rF:        It protects you from fire.
   rC:        It makes you vulnerable to cold.
 O - the ring "Pohob" {rElec rC+ Stlth+}
   (You found it in a Gauntlet)

   [ring of protection from cold]

   rC:        It protects you from cold.
   rElec:     It insulates you from electricity.
   Stlth:     It makes you more stealthy.
 T - the ring "Batoma" {Wiz Contam Dex+4}
   (You found it on level 12 of the Dungeon)

   [ring of wizardry]

   It improves your spell success rate.
   Dex:       It affects your dexterity (+4).
   Contam:    It causes magical contamination when unequipped.
 U - a +6 ring of intelligence
 W - an amulet of regeneration
Wands
 h - a wand of mindburst (11)
 q - a wand of iceblast (19)
 z - a wand of flame (6)
 C - a wand of charming (11)
 Q - a wand of polymorph (8)
Scrolls
 a - 5 scrolls of amnesia
 f - 8 scrolls of teleportation
 i - 2 scrolls of vulnerability
 j - a scroll of revelation
 t - 2 scrolls of silence
 u - a scroll of torment
 w - 3 scrolls of enchant weapon
 y - 19 scrolls of identify
 E - a scroll of fear
 K - 2 scrolls of brand weapon
 N - a scroll of immolation
 R - a scroll of fog
 S - 2 scrolls of blinking
 X - a scroll of summoning
Miscellaneous
 I - a lightning rod (4/4)


   Skills:
 - Level 13.3 Fighting
 - Level 4.9 Dodging
 - Level 1.5 Stealth
 + Level 15.9 Spellcasting
 - Level 14.1 Necromancy
 - Level 11.1 Ice Magic
 - Level 4.0 Earth Magic
 - Level 8.1 Poison Magic
 - Level 11.1 Invocations


You had 7 spell levels left.
You knew the following spells:

 Your Spells              Type           Power      Damage    Failure   Level
a - Vampiric Draining     Necr           100%       2d13      1%          3
b - Borgnjor's Vile Clut  Necr/Erth      66%        N/A       3%          5
c - Poisonous Vapours     Pois/Air       100%       N/A       2%          2
d - Olgreb's Toxic Radia  Pois           83%        N/A       2%          4
e - Frozen Ramparts       Ice            100%       1d16      1%          3
f - Hailstorm             Conj/Ice       92%        3d18      2%          3
g - Simulacrum            Ice/Necr       86%        N/A       4%          6
h - Ozocubu's Armour      Ice            100%       N/A       1%          3
i - Death Channel         Necr           76%        N/A       3%          6
j - Dispel Undead         Necr           100%       3d31      1%          4

Your spell library contained the following spells:

 Spells                   Type           Power      Damage    Failure   Level
 Freeze                   Ice            100%       1d10      1%          1
 Necrotise                Necr           100%       1d9       1%          1
 Sting                    Tmut/Pois      100%       1d8       1%          1
 Cigotuvi's Dreadful Rot  Necr/Pois/Air  100%       N/A       1%          2
 Ensorcelled Hibernation  Hex/Ice        100%       N/A       1%          2
 Animate Dead             Necr           100%       N/A       1%          4
 Agony                    Necr           100%       N/A       1%          5
 Passwall                 Tmut/Erth      43%        N/A       3%          2
 Apportation              Tloc           70%        N/A       4%          1
 Magic Dart               Conj           100%       1d8       4%          1
 Summon Small Mammal      Summ           100%       N/A       4%          1
 Ignite Poison            Fire/Tmut/Pois 57%        N/A       4%          3
 Mephitic Cloud           Conj/Pois/Air  57%        N/A       4%          3
 Searing Ray              Conj           70%        2d7       5%          2
 Call Canine Familiar     Summ           35%        N/A       9%          3
 Dazzling Flash           Conj/Hex       70%        N/A       9%          3
 Portal Projectile        Hex/Tloc       70%        N/A       9%          3
 Summon Guardian Golem    Hex/Summ       35%        N/A       9%          3
 Swiftness                Air            35%        N/A       9%          3
 Tukima's Dance           Hex            35%        N/A       9%          3
 Volatile Blastmotes      Fire/Tloc      70%        2d15      9%          3
 Metabolic Englaciation   Hex/Ice        46%        N/A       9%          5
 Animate Armour           Summ/Erth      100%       N/A       11%         4
 Petrify                  Tmut/Erth      52%        N/A       11%         4
 Alistair's Intoxication  Tmut/Pois      42%        N/A       13%         5
 Freezing Cloud           Conj/Ice/Air   40%        6-21      14%         5
 Fulminant Prism          Conj/Hex       17%        3d10      21%         4
 Iskenderun's Mystic Bla  Conj/Tloc      35%        2d8       21%         4
 Sticky Flame             Conj/Fire      35%        2d5       21%         4
 Summon Lightning Spire   Summ/Air       35%        N/A       21%         4
 Irradiate                Conj/Tmut      17%        3d17      43%         5
 Starburst                Conj/Fire      17%        6d6       89%         6
 Ignition                 Fire           17%        3d7       100%        8
 Chain Lightning          Conj/Air       17%        3d23      100%        9
 Fire Storm               Conj/Fire      17%        8d5       100%        9
 Shatter                  Erth           32%        3d26*     100%        9
 Sublimation of Blood     Necr           Unusable   N/A       N/A         2
 Borgnjor's Revivificati  Necr           Unusable   N/A       N/A         8

Dungeon Overview and Level Annotations

Branches:
Dungeon (15/15)            Temple (1/1) D:6            Lair (5/5) D:9
 Shoals (0/4) Lair:3       Spider (0/4) Lair:2        Slime (0/5) Lair:4
    Orc (2/2) D:12            Elf (0/3) Orc:2        Vaults (0/5) D:13
 Depths (0/4) D:15         Bailey (visited)           IceCv (visited)
Gauntlet (visited)

Altars:
Ashenzari
Cheibriados
Dithmenos
Fedhas
Gozag
Hepliaklqana
Kikubaaqudgha
Makhleb
Nemelex Xobeh
Okawaru
Qazlal
Ru
Sif Muna
Trog
Uskayaw
Vehumet
Wu Jian
Xom
Yredelemnul
Jiyva

Shops:
D:4 [   D:15 *   Orc:1 *(=   Orc:2 =[?!:**

Annotations:
Lair:3 exclusion: oklob plant


Innate Abilities, Weirdness & Mutations

You are immune to poison.
Your flesh is cold resistant. (rC+)
You are immune to negative energy. (rN+++)
You are immune to unholy pain and torment.
You are vulnerable to heat. (rF-)
You are strongly in touch with the powers of death.
You do not drink.
You have a special connection with the divine. (Faith)


Message History

Your toxic aura wanes.
The zombie hands constrict the white ugly thing! x2
The zombie hands constrict the green ugly thing.
The zombie hands constrict the white ugly thing!
The wall freezes the green ugly thing.
The green ugly thing struggles to escape constriction.
Unknown command.
The zombie hands constrict the white ugly thing! x2
The zombie hands constrict the green ugly thing!
You kill the green ugly thing!
Cheibriados appreciates the change of pace.
The zombie hands constrict the white ugly thing.
A glowing mist starts to gather...
The white ugly thing engulfs your spectral ugly thing but does no damage.
Unknown command.
The zombie hands constrict the white ugly thing!
You kill the white ugly thing!
Cheibriados appreciates the change of pace.
The zombie hands constrict the white ugly thing!!
You kill the white ugly thing!
Cheibriados appreciates the change of pace.
The zombie hands constrict the white ugly thing!!
You kill the white ugly thing!
Cheibriados thoroughly appreciates the change of pace.
A glowing mist starts to gather... x3
Unknown command.
The frozen ramparts melt away as you move.
You swap places.
You see here an ugly thing corpse.
You swap places.
You swap places.
You swap places.
Your unholy channel is weakening.
Welcome back, 2FriedEggs the Mummy Necromancer.
Cheibriados says: Take it easy.
Press ? for a list of commands and other information.
Welcome back, 2FriedEggs the Mummy Necromancer.
Cheibriados says: Take it easy.
Press ? for a list of commands and other information.
Are you sure you want to abandon this character and quit the game? (Confirm with "yes".)

#####################
#...@ZZZZ......†...†#
#.#################..
#.# ##. # ## #.


You could see 4 friendly spectral ugly things.

Vanquished Creatures
  A caustic shrike zombie (D:15)
  An orc warlord (Orc:1)
  Azrael (D:12)
  A minotaur (Gauntlet)
  2 vault guards
  3 centaur warriors
  A rakshasa (D:15)
  6 hydras
  4 boulder beetles
  Erica (Lair:2)
  A catoblepas (D:15)
  8 two-headed ogres
  A tengu warrior (D:15)
  Urug (D:13)
  A hell hog (Gauntlet)
  A vampire mage (D:15)
  8 death yaks
  An orc high priest (Orc:2)
  A deep elf knight (D:12)
  6 skeletal warriors
  A sea snake (Lair:5)
  A swamp dragon (shapeshifter) (D:14)
  A shadow dragon zombie (D:15)
  A lindwurm (Lair:3)
  4 deep elf pyromancers
  5 orc knights
  Pikel (D:6)
  17 ugly things
  5 manticores
  2 orc sorcerers (Orc:2)
  2 cyclopes
  Maurice (D:8)
  3 black mambas
  2 slime creatures
  6 elephants
  2 gargoyles
  4 cane toads
  Maggie (D:6)
  2 torpor snails
  A kobold demonologist (D:10)
  2 unseen horrors
  2 rime drakes
  6 komodo dragons
  An anaconda simulacrum (IceCv)
  3 freezing wraiths
  A tengu conjurer (D:12)
  3 trolls
  A polar bear (shapeshifter) (D:14)
  3 meliai
  2 polar bears
  Grinder (D:3)
  13 blink frogs
  A water elemental (D:11)
  3 shadows
  34 yaks
  2 vampires (D:12)
  2 fire elementals (D:12)
  5 basilisks
  4 fire bats (Gauntlet)
  A dire elephant simulacrum (IceCv)
  5 wraiths
  10 wyverns
  2 steam dragons
  A golden eye (shapeshifter) (D:15)
  7 vampire mosquitoes
  Menkaure (D:7)
  2 wargs
  3 acid dragons
  4 hell hounds
  Duvessa (D:7)
  9 water moccasins
  21 orc warriors
  2 black bears
  17 wolves
  A boggart (shapeshifter) (D:14)
  9 centaurs
  7 ogres
  A phantom (D:7)
  10 bullfrogs
  4 scorpions
  10 gnoll sergeants
  13 wights
  A cane toad simulacrum (IceCv)
  Dowan (D:7)
  10 killer bees
  5 howler monkeys
  3 electric eels (D:11)
  3 jellies
  4 hounds
  Crazy Yiuf (D:3)
  9 gnoll boudas
  19 orc priests
  A sleepcap (D:4)
  Terence (D:2)
  8 iguanas
  Natasha (thrice) (D:3)
  26 orc wizards
  2 wolf simulacra (IceCv)
  34 gnolls
  12 adders
  2 shadow imps
  2 white imps (D:5)
  2 ufetubi
  4 worms
  4 dart slugs
  71 orcs
  11 ball pythons
  7 endoplasms
  4 giant cockroaches
  18 goblins
  13 hobgoblins
  5 jackals (D:2)
  4 quokkas
  4 bats
  A frilled lizard (D:1)
  13 kobolds
  6 rats
656 creatures vanquished.

Vanquished Creatures (collateral kills)
  Gastronok (Lair:3)
  An orc warlord (Orc:1)
  A dire elephant (Lair:5)
  A quicksilver dragon skeleton (D:15)
  2 vault guards (D:13)
  5 hydras
  A catoblepas (D:13)
  An ogre mage (D:15)
  A merfolk avatar (Lair:5)
  A death knight (D:12)
  A centaur warrior (D:15)
  3 two-headed ogres
  2 tengu warriors
  2 death yaks (Lair:5)
  3 orc high priests (Orc:2)
  Nergalle (Lair:3)
  A deep elf knight (D:12)
  A skeletal warrior (D:14)
  A sea snake (Lair:5)
  3 cyclopes (D:13)
  5 ugly things
  A fire giant zombie (D:15)
  An orc sorcerer (Orc:2)
  A necromancer (D:15)
  2 manticores
  2 deep elf pyromancers
  9 elephants
  4 cane toads
  A black mamba (Lair:5)
  2 torpor snails
  3 komodo dragons
  2 yaktaurs (D:12)
  2 rime drakes (Lair:5)
  A troll (Orc:1)
  A wind drake (Lair:5)
  3 polar bears
  A meliai (D:14)
  A hornet (Lair:5)
  6 blink frogs
  A slime creature (D:12)
  3 yaks
  A basilisk (D:12)
  8 vampire mosquitoes
  2 steam dragons (Lair:5)
  3 wargs
  An acid dragon (D:12)
  3 water moccasins
  A sky beast (D:8)
  A black bear (Lair:3)
  11 orc warriors
  9 wolves (Lair:4)
  3 ogres
  4 bullfrogs
  5 orc priests
  7 orc wizards
  A hell rat (Lair:3)
  A white imp (D:5)
  8 orcs
  A ball python (D:3)
  A giant cockroach (D:1)
  A goblin (D:2)
  2 kobolds (D:4)
159 creatures vanquished.

Vanquished Creatures (others)
  A blink frog (Lair:5)
1 creature vanquished.

Grand Total: 816 creatures vanquished

Notes
Turn   | Place    | Note
-------+----------+-------------------------------------------
     0 | D:1      | 2FriedEggs the Mummy Necromancer began the quest for the
                  | Orb.
     0 | D:1      | Reached XP level 1. HP: 13/13 MP: 4/4
   151 | D:1      | Reached skill level 3 in Spellcasting
   177 | D:1      | Reached XP level 2. HP: 17/19 MP: 4/6
  1023 | D:1      | Found a faded altar of an unknown god.
  1023 | D:1      | Noticed a reaper
  1062 | D:2      | Gained mutation: You are in touch with the powers of death.
                  | [Mummy growth]
  1062 | D:2      | Reached XP level 3. HP: 24/24 MP: 3/7
  1066 | D:2      | Learned a level 3 spell: Vampiric Draining
  1622 | D:2      | Reached skill level 5 in Necromancy
  1831 | D:2      | Reached XP level 4. HP: 30/30 MP: 3/9
  1943 | D:2      | Noticed Terence
  1957 | D:2      | Killed Terence
  1958 | D:2      | Reached skill level 4 in Spellcasting
  2159 | D:3      | Found an iron altar of Okawaru.
  2160 | D:3      | Noticed Grinder
  2560 | D:3      | Killed Grinder
  2561 | D:3      | Reached skill level 5 in Spellcasting
  2561 | D:3      | Reached XP level 5. HP: 35/35 MP: 10/12
  2561 | D:3      | Reached XP level 6. HP: 41/41 MP: 10/13
  2636 | D:3      | Noticed Natasha
  2640 | D:3      | Killed Natasha
  2822 | D:3      | Noticed Natasha
  2830 | D:3      | Killed Natasha
  2938 | D:3      | Found a faded altar of an unknown god.
  2962 | D:3      | Found a shimmering blue altar of Sif Muna.
  3110 | D:3      | Noticed Natasha
  3112 | D:3      | Killed Natasha
  3113 | D:3      | Reached skill level 1 in Poison Magic
  3165 | D:3      | Found a runed translucent door.
  3166 | D:3      | Noticed Crazy Yiuf
  3224 | D:3      | Found a sparkling altar of Nemelex Xobeh.
  3400 | D:3      | Killed Crazy Yiuf
  3677 | D:4      | Reached XP level 7. HP: 46/46 MP: 11/15
  3864 | D:4      | Learned a level 2 spell: Poisonous Vapours
  3993 | D:4      | Reached skill level 6 in Spellcasting
  4185 | D:4      | Found Billaere's Antique Armour Emporium.
  4233 | D:4      | Bought a heavily runed leather armour for 161 gold pieces
  4233 | D:4      | Identified the +0 leather armour "Facw" {rPois rC- Str+8}
                  | (You bought it in a shop on level 4 of the Dungeon)
  4990 | D:5      | Entered Level 5 of the Dungeon
  4990 | D:5      | You are sucked into a shaft and drop 1 floor!
  5010 | D:6      | Noticed Pikel
  5037 | D:6      | Killed Pikel
  5038 | D:6      | Reached skill level 7 in Spellcasting
  5038 | D:6      | Reached XP level 8. HP: 52/52 MP: 5/18
  5424 | D:5      | Reached skill level 5 in Poison Magic
  5692 | D:5      | Found Lasuh's Weapon Shoppe.
  6332 | D:5      | Found a hide-covered altar of Uskayaw.
  6373 | D:5      | Reached skill level 8 in Spellcasting
  7278 | D:6      | Reached XP level 9. HP: 56/57 MP: 15/21
  7287 | D:6      | Learned a level 4 spell: Olgreb's Toxic Radiance
  7476 | D:6      | Found a staircase to the Ecumenical Temple.
  7499 | D:6      | Noticed Maggie
  7510 | Temple   | Entered the Ecumenical Temple
  7658 | Temple   | Became a worshipper of Cheibriados the Contemplative
  7750 | D:6      | Killed Maggie
  7751 | D:6      | Reached skill level 9 in Spellcasting
  8661 | D:7      | Noticed Duvessa
  8661 | D:7      | Noticed Dowan
  8668 | D:7      | Killed Duvessa
  8669 | D:7      | Killed Dowan
  8836 | D:7      | Reached * piety under Cheibriados
  9427 | D:7      | Reached skill level 1 in Fighting
  9427 | D:7      | Reached skill level 10 in Spellcasting
  9458 | D:7      | Noticed Menkaure
  9477 | D:7      | Killed Menkaure
  9800 | D:7      | Reached XP level 10. HP: 13/67 MP: 24/24
 10073 | D:7      | Reached ** piety under Cheibriados
 10074 | D:7      | Upgraded the game from 0.31-a0-214-gb37851dbb3 to
                  | 0.31-a0-217-g58bb5d79cf
 10693 | D:8      | Reached skill level 1 in Invocations
 11027 | D:8      | Noticed Maurice
 11035 | D:8      | Killed Maurice
 11684 | D:9      | Found the +6 shillelagh "Devastator" {shatter}
 11702 | D:9      | Identified the +2 scale mail of Indomitability {rPois Str-4
                  | Int-5 Dex+7}
 11844 | D:9      | Found a staircase to the Lair.
 11887 | D:9      | Reached *** piety under Cheibriados
 11890 | D:9      | Reached skill level 5 in Invocations
 12260 | D:9      | Reached XP level 11. HP: 54/77 MP: 15/25
 12687 | D:9      | Noticed a two-headed ogre
 12704 | D:9      | Killed a two-headed ogre
 12972 | D:10     | Entered Level 10 of the Dungeon
 12977 | D:10     | Reached **** piety under Cheibriados
 13230 | D:10     | Found a flagged portal.
 13249 | Bailey   | Entered a bailey
 13515 | Bailey   | Reached ***** piety under Cheibriados
 13543 | Bailey   | HP: 3/78 [wolf (7)]
 13909 | Bailey   | Identified the ring of Elyvilon's Favour {Fire Dex+3
                  | Slay+3}
 13956 | Bailey   | Identified the staff "Imoifum" {rC+ Str-2 Int+7 Ice}
 14162 | D:10     | Noticed a two-headed ogre
 14168 | D:10     | Learned a level 3 spell: Frozen Ramparts
 14173 | D:10     | Killed a two-headed ogre
 14174 | D:10     | Reached skill level 5 in Fighting
 14591 | D:10     | Found an opulent altar of Gozag.
 14729 | D:11     | Identified the orb of Experimentation {*channel, Rampage
                  | rN+}
 14766 | D:11     | Found a gate leading to a gauntlet.
 14787 | Gauntlet | Entered a Gauntlet
 14787 | Gauntlet | Found a transporter.
 14787 | Gauntlet | Found a transporter.
 14787 | Gauntlet | Found a transporter.
 14808 | Gauntlet | Found a transporter.
 14812 | Gauntlet | Noticed a shining eye
 14821 | Gauntlet | Found a transporter.
 14823 | Gauntlet | Found a large runed translucent door.
 14824 | Gauntlet | Found a large runed translucent door.
 14825 | Gauntlet | Found a large runed translucent door.
 14825 | Gauntlet | Found a large runed translucent door.
 14825 | Gauntlet | Found a runed translucent door.
 14825 | Gauntlet | Found a runed translucent door.
 14826 | Gauntlet | Found a large runed translucent door.
 14827 | Gauntlet | Found a large runed translucent door.
 14828 | Gauntlet | Found a large runed translucent door.
 14828 | Gauntlet | Found a large runed translucent door.
 14829 | Gauntlet | Found a runed translucent gate.
 14829 | Gauntlet | Found a runed translucent gate.
 14829 | Gauntlet | Found a runed translucent gate.
 14830 | Gauntlet | Noticed a hell hog
 14831 | Gauntlet | Found a transporter.
 14840 | Gauntlet | Found a large runed translucent door.
 14840 | Gauntlet | Found a large runed translucent door.
 14841 | Gauntlet | Found a large runed translucent door.
 14842 | Gauntlet | Found a large runed translucent door.
 14850 | Gauntlet | Found a transporter.
 14852 | Gauntlet | Found a large runed translucent door.
 14852 | Gauntlet | Found a large runed translucent door.
 14853 | Gauntlet | Found a large runed translucent door.
 14854 | Gauntlet | Found a large runed translucent door.
 14854 | Gauntlet | Found a transporter.
 14857 | Gauntlet | Found a transporter.
 14859 | Gauntlet | Found a transporter.
 14865 | Gauntlet | Found a transporter.
 14868 | Gauntlet | Found a transporter.
 15269 | Gauntlet | Learned a level 3 spell: Hailstorm
 15284 | Gauntlet | Killed a hell hog
 15285 | Gauntlet | Reached skill level 5 in Ice Magic
 15290 | Gauntlet | Identified the ring "Pohob" {rElec rC+ Stlth+}
 15474 | Gauntlet | Noticed a minotaur
 15479 | Gauntlet | HP: 4/84 [minotaur/+5 heavy halberd (2)]
 15732 | Gauntlet | Killed a minotaur
 15846 | D:11     | Noticed a two-headed ogre
 15854 | D:11     | Killed a two-headed ogre
 16178 | D:11     | Noticed a two-headed ogre
 16183 | D:11     | Killed a two-headed ogre
 16184 | D:11     | Reached XP level 12. HP: 67/93 MP: 23/26
 16436 | D:11     | Learned a level 6 spell: Simulacrum
 17034 | Lair:1   | Entered Level 1 of the Lair of Beasts
 17827 | Lair:2   | Noticed a death yak
 17880 | Lair:2   | Noticed Erica
 17887 | Lair:2   | Killed Erica
 17888 | Lair:2   | Noticed a boulder beetle
 17892 | Lair:2   | Reached skill level 10 in Fighting
 17897 | Lair:2   | Killed a boulder beetle
 18170 | Lair:2   | Noticed a death yak
 18170 | Lair:2   | Noticed a death yak
 18170 | Lair:2   | Noticed a death yak
 18190 | Lair:2   | Noticed a death yak
 18199 | Lair:1   | Killed a death yak
 18283 | Lair:1   | Killed a death yak
 18450 | Lair:2   | Reached ****** piety under Cheibriados
 18455 | Lair:2   | Learned a level 3 spell: Ozocubu's Armour
 18563 | Lair:2   | Killed a death yak
 18564 | Lair:2   | Killed a death yak
 18566 | Lair:2   | Killed a death yak
 18652 | Lair:2   | Found a hole to the Spider Nest.
 18937 | Lair:2   | Gained mutation: You are strongly in touch with the powers
                  | of death. [Mummy growth]
 18937 | Lair:2   | Reached XP level 13. HP: 101/106 MP: 27/27
 19516 | Lair:3   | Noticed Gastronok
 19524 | Lair:3   | Reached skill level 10 in Necromancy
 19529 | Lair:3   | Killed Gastronok
 20065 | Lair:4   | Reached skill level 10 in Ice Magic
 20537 | Lair:4   | Upgraded the game from 0.31-a0-217-g58bb5d79cf to
                  | 0.31-a0-219-g8d62b2e7bb
 20694 | Lair:4   | Found a viscous altar of Jiyva.
 20694 | Lair:4   | Found a staircase to the Slime Pits.
 21074 | Lair:3   | Noticed Nergalle
 21081 | Lair:3   | Killed Nergalle
 21267 | Lair:3   | Found a staircase to the Shoals.
 21369 | Lair:3   | Identified a scroll of acquirement
 21900 | Lair:3   | Reached XP level 14. HP: 100/118 MP: 10/28
 22064 | Lair:4   | Learned a level 6 spell: Death Channel
 22065 | Lair:5   | Entered Level 5 of the Lair of Beasts
 22073 | Lair:5   | Found a frozen archway.
 22172 | IceCv    | Entered an ice cave
 22181 | IceCv    | Found a transporter.
 22189 | IceCv    | Found a transporter.
 22257 | Lair:5   | Reached skill level 11 in Spellcasting
 22388 | Lair:5   | Identified the +7 trident "Meatar" {vamp, Fly rElec Dex+2}
 22391 | Lair:5   | Identified the +6 spear of Conformity {flame, Drain rPois
                  | rF+ Will+}
 22791 | Lair:5   | Identified the +5 quarterstaff of Qigeisex {spect, Will-
                  | Int+7 Dex-4 Stlth+}
 22871 | Lair:5   | Reached skill level 12 in Spellcasting
 23479 | D:12     | Noticed Azrael
 23663 | D:12     | Learned a level 5 spell: Borgnjor's Vile Clutch
 24509 | D:12     | Reached XP level 15. HP: 124/124 MP: 7/31
 24569 | D:12     | Identified the ring "Batoma" {Wiz Contam Dex+4}
 24570 | D:12     | Got the Precepts of Decaying Accomplices
 24858 | D:13     | Noticed Urug
 24866 | D:13     | HP: 6/124 [catoblepas/blast of calcifying dust (6)]
 25287 | D:12     | Killed Azrael
 25709 | D:12     | Found a staircase to the Orcish Mines.
 25905 | Orc:1    | Entered Level 1 of the Orcish Mines
 26051 | Orc:1    | Reached skill level 10 in Invocations
 26220 | Orc:1    | Found Qeteigh's Jewellery Boutique.
 26243 | Orc:1    | Found Duacima's Antique Weapon Shop.
 26244 | Orc:1    | Found Puhufuamuwi's General Store.
 26338 | Orc:2    | Entered Level 2 of the Orcish Mines
 26338 | Orc:2    | Found a staircase to the Elven Halls.
 26572 | Orc:2    | Found Lieh's General Store.
 26591 | Orc:2    | Found Hiugiyv's Specific Store.
 26601 | Orc:2    | Bought a +1 pair of gloves of strength for 181 gold pieces
 26631 | Orc:2    | Acquired the +3 Elemental Staff {rElec rF+ rC+ AC+3}
 26631 | Orc:2    | Found the +3 Elemental Staff {rElec rF+ rC+ AC+3}
 26633 | Orc:2    | Bought a scroll of acquirement for 572 gold pieces
 26707 | Orc:2    | Found Sousu's Jewellery Boutique.
 26831 | Orc:2    | Found Zairu's Antique Armour Shoppe.
 26831 | Orc:2    | Found Tewem's Book Boutique.
 26833 | Orc:2    | Found Volex's Magic Scroll Shoppe.
 26833 | Orc:2    | Found Kinounoa's Distillery.
 26840 | Orc:2    | Bought a masterwork helmet for 294 gold pieces
 26840 | Orc:2    | Identified the +1 helmet of the Apothecary {Str+3} (You
                  | bought it in a shop on level 2 of the Orcish Mines)
 26840 | Orc:2    | Bought a runed helmet for 232 gold pieces
 26853 | Orc:2    | Bought a twisted leather armour for 217 gold pieces
 26853 | Orc:2    | Identified the +4 leather armour of the Lute {-Tele rCorr
                  | Dex+2} (You bought it in a shop on level 2 of the Orcish
                  | Mines)
 26858 | Orc:2    | Bought a scroll of teleportation for 48 gold pieces
 26858 | Orc:2    | Bought a scroll of teleportation for 48 gold pieces
 26864 | Orc:2    | Acquired 921 gold pieces
 26866 | Orc:2    | Bought a book of Decay for 450 gold pieces
 27577 | Orc:2    | Bought the ring of Milisyfi {rF+ rN+ Str+4 Slay-2} for 579
                  | gold pieces
 27818 | D:4      | Bought a warped chain mail for 218 gold pieces
 27818 | D:4      | Identified the +0 chain mail of Contentment {Contam rPois
                  | Dex+3 Stlth+} (You bought it in a shop on level 4 of the
                  | Dungeon)
 28016 | D:13     | Upgraded the game from 0.31-a0-219-g8d62b2e7bb to
                  | 0.31-a0-221-gbddc013574
 28037 | D:13     | Found a gate to the Vaults.
 28153 | D:13     | Reached skill level 1 in Earth Magic
 28207 | D:13     | Killed Urug
 28533 | D:14     | Learned a level 4 spell: Dispel Undead
 28605 | D:14     | Reached skill level 13 in Spellcasting
 28647 | D:14     | Reached XP level 16. HP: 80/131 MP: 8/33
 29456 | D:15     | Entered Level 15 of the Dungeon
 29649 | D:15     | Reached skill level 14 in Spellcasting
 29651 | D:15     | Found Wixt's Assorted Antiques.
 29795 | D:15     | Found a staircase to the Depths.
 29796 | D:15     | Identified the +3 ring mail "Luros" {rC+ rN+ Dex-4}
 29802 | D:15     | Reached skill level 15 in Spellcasting
 30064 | D:15     | Upgraded the game from 0.31-a0-221-gbddc013574 to
                  | 0.31-a0-303-gdc8c9485ea
 30064 | D:15     | Quit the game

Illustrated notes

Levels and vault maps discovered:
D:1:      shiori_arrival_elements, layout_basic,
          dreamdust_ecumenical_altar_sealed_demon
D:2:      layout_basic, kennysheep_generic_room_6, uniq_terence
D:3:      layout_loops_ring, okawaru_metal_pillars_1_2,
          nemelex_spade_bored_becter, nicolae_overflow_ecumenical_swirl,
          chequers_serial_rivers_micro_c, st_stairs_10, uniq_crazy_yiuf_cottage,
          uniq_natasha, uniq_grinder
D:4:      corexii_shantytown, layout_loops_ring, serial_shops,
          nicolae_shop_peninsula
D:5:      minmay_chambers_of_threes, layout_loops_corners, marbit_many_paths,
          serial_shops, shop
D:6:      layout_basic, minmay_temple_entry_butterflies, uniq_maggie, uniq_pikel
D:7:      layout_layer_cave, dk_noncrumbling_3, uniq_duvessa, uniq_menkaure
D:8:      layout_basic, elyvilon_altar_1, uniq_maurice
D:9:      layout_loops_ring, minmay_lair_entry_grove
D:10:     layout_roguey, grunt_temple_overflow_gold_and_silver,
          nicolae_tso_swordbearing_angel, enter_bailey_5, minmay_misc_feat_chi
D:11:     layout_stronghold, gauntlet_entry_generic, grunt_decor_cap,
          kennysheep_boxes
D:12:     minmay_the_grid_3x3 [minmay_the_grid_odd_star, minmay_the_grid_doors,
          minmay_the_grid_tree, minmay_the_grid_embedded, minmay_the_grid_box_x,
          minmay_the_grid_spikes, minmay_the_grid_paths, minmay_the_grid_empty,
          minmay_the_grid_prize_shrinking_boxes], layout_basic, david_orc_4,
          uniq_azrael
D:13:     layout_cave_pools, lightli_vaults_fourway_checkpoint, uniq_urug
D:14:     layout_basic
D:15:     gammafunk_depths_entry_grave, layout_loops_ring, serial_shops,
          nicolae_shop_statue_plus
Temple:   zaba_magenta_temple
Lair:1:   layout_hall_layers
Lair:2:   layout_small_grid, hellmonk_spider_entry_not_the_bees, uniq_erica
Lair:3:   nzn_winding_woodlands_stair_cross
          [nzn_winding_woodlands_5x15_river_crossing,
          nzn_winding_woodlands_center_triple_pond,
          nzn_winding_woodlands_5x15_twine, nzn_winding_woodlands_5x5_open_star,
          nzn_winding_woodlands_hourglass,
          nzn_winding_woodlands_5x15_split_checker,
          nzn_winding_woodlands_center_lodge,
          nzn_winding_woodlands_5x15_zeroes], layout_cave_pods,
          shoals_dummy_entry, basic_altar, uniq_gastronok, uniq_nergalle
Lair:4:   layout_regular_city, dpeg_slime_entry_enclosed, grunt_megastairs_3
Lair:5:   gammafunk_lair_ancient_temple, layout_loops_ring,
          portal_ice_cave_entry_pillars_2
Orc:1:    layout_diamond_mine, serial_shops, nicolae_shop_tiny_real_fake_doors,
          shop_statue, shop
Orc:2:    grunt_orc_tribal_feast, layout_caves, serial_shops, shop, basic_altar,
          nicolae_specific_store

Skill      XL: |  1  2  3  4  5  6  7  8  9 10 11 12 13 14 15 16 |
---------------+-------------------------------------------------+-----
Spellcasting   | 3 5 7 8 10 12 13 15 | 15.9
Necromancy     | 5 6 7 8 9 11 14 | 14.1
Poison Magic   | 2 4 6 8 |  8.1
Fighting       | 2 4 8 11 13 | 13.3
Invocations    | 7 8 11 | 11.1
Ice Magic      | 6 8 11 | 11.1
Dodging        | 2 4 |  4.9
Earth Magic    | 4 |  4.0
Stealth        | |  1.5

Action                     |  1- 3 |  4- 6 |  7- 9 | 10-12 | 13-15 | 16-18 || total
---------------------------+-------+-------+-------+-------+-------+-------++-------
  Melee: Dagger            |    29 |     1 |   182 |    38 |       |       ||   250
         Falchion          |       |     9 |    22 |       |       |       ||    31
         Punch             |       |       |     3 |       |       |       ||     3
         Shillelagh        |       |       |       |    44 |       |       ||    44
         Staff             |       |       |       |    88 |   137 |     2 ||   227
   Cast: Necrotise         |    72 |    78 |   192 |    23 |    41 |       ||   406
         Poisonous Vapours |       |       |    25 |    32 |    54 |     5 ||   116
         Vampiric Draining |       |       |    26 |    23 |    62 |     3 ||   114
         Olgreb's Toxic Ra |       |       |     5 |    94 |    86 |     6 ||   191
         Frozen Ramparts   |       |       |       |    10 |    27 |     2 ||    39
         Hailstorm         |       |       |       |    21 |    24 |     1 ||    46
         Simulacrum        |       |       |       |     3 |    95 |     8 ||   106
         Ozocubu's Armour  |       |       |       |     1 |    23 |       ||    24
         Borgnjor's Vile C |       |       |       |       |    33 |    12 ||    45
         Death Channel     |       |       |       |       |     8 |     2 ||    10
         Dispel Undead     |       |       |       |       |     7 |    12 ||    19
 Invoke: Slouch            |       |       |       |     3 |     5 |       ||     8
         Bend Time         |       |       |       |     1 |       |       ||     1
         Temporal Distorti |       |       |       |       |     1 |       ||     1
  Evoke: Wand              |       |     3 |    18 |    26 |     7 |       ||    54
         Lightning rod     |       |       |       |     5 |     9 |       ||    14
    Use: Scroll            |       |       |    10 |    10 |    16 |       ||    36
   Stab: Sleeping          |       |       |     1 |       |       |       ||     1
         Distracted        |       |       |       |       |     2 |       ||     2
 Armour: Leather armour    |    31 |     9 |   143 |   171 |   330 |    29 ||   713
         Robe              |     1 |       |       |       |       |       ||     1
  Dodge: Dodged            |    33 |    13 |   208 |   244 |   420 |    23 ||   941

Table legend: (Time is in decaauts)
 A = Elapsed time spent in this place.
 B = Non-inter-level travel time spent in this place.
 C = Inter-level travel time spent in this place.
 D = Time resting spent in this place.
 E = Time spent auto-exploring this place.
 F = Levels seen in this place.
 G = Mean time per level.
                   A        B        C        D        E       F      G
               +--------+--------+--------+--------+--------+-----+--------+
         Total |  41230 |  38228 |   3002 |   4512 |  24647 |  26 | 1585.8 |
       Dungeon |  25996 |  23783 |   2213 |   2932 |  15612 |  15 | 1733.1 |
        Temple |    171 |    171 |      0 |      0 |     50 |   1 |  171.0 |
          Lair |   9795 |   9359 |    436 |    638 |   6841 |   5 | 1959.0 |
  Orcish Mines |   2608 |   2255 |    353 |     58 |   1595 |   2 | 1304.0 |
        Bailey |   1056 |   1056 |      0 |    413 |    219 |   1 | 1056.0 |
      Ice Cave |     71 |     71 |      0 |      0 |      0 |   1 |   71.0 |
      Gauntlet |   1531 |   1531 |      0 |    471 |    329 |   1 | 1531.0 |
               +--------+--------+--------+--------+--------+-----+--------+

Top non-repeatable levels by time:
    D:12: 4294 daAuts
  Lair:3: 2695 daAuts
     D:6: 2285 daAuts
     D:7: 2100 daAuts
     D:9: 1889 daAuts
    D:11: 1876 daAuts
  Lair:4: 1860 daAuts
  Lair:2: 1814 daAuts
  Lair:5: 1758 daAuts
     D:4: 1707 daAuts
    D:14: 1683 daAuts
  Lair:1: 1666 daAuts
    D:10: 1599 daAuts
     D:8: 1577 daAuts
     D:5: 1543 daAuts
